 Dungeon Crawl Stone Soup version 0.30-a0-49-g1cef19eb02 (webtiles) character file.

Game seed: 18219338404403972611

1950 ytrimaz the Cleaver (level 9, -1/64 HPs)
             Began as a Formicid Fighter on Sept 2, 2022.
             Killed from afar by a steam dragon (10 damage)
             ... with a ball of steam
             ... on level 7 of the Dungeon.
             The game lasted 00:06:50 (6769 turns).

ytrimaz the Cleaver (Formicid Fighter)              Turns: 6769, Time: 00:06:50

Health: -1/64      AC:  7    Str: 30    XL:     9   Next: 41%
Magic:  9/9        EV:  9    Int:  7    God:
Gold:   484        SH:  5    Dex: 13    Spells: 8/8 levels left

rFire   . . .      SeeInvis +    a - +0 war axe (chaos) {axe}
rCold   . . .      Faith    .    c - +0 buckler
rNeg    + . .      Spirit   .    m - +1 scale mail "Juepnar" {Str+4 Slay+3}
rPois   .          Reflect  .    (helmet unavailable)
rElec   .          Harm     .    (no cloak)
rCorr   .          Rampage  .    (no gloves)
Will    .....                    (no boots)
Stlth   ..........               (no amulet)
HPRegen 0.20/turn                p - ring of positive energy
MPRegen 0.11/turn                (no ring)

@: attractive, flying
A: permanent stasis, dig shafts and tunnels, antennae 3, four strong arms, fangs
1, hooves 1
a: Dig, Shaft Self


You were on level 7 of the Dungeon.
You visited 2 branches of the dungeon, and saw 8 of its levels.

You collected 484 gold pieces.


Innate Abilities, Weirdness & Mutations

You cannot be hasted, slowed, berserked, paralysed or teleported.
You can dig through walls and to a lower floor.
You have a pair of large antennae on your head. (SInv)
Your four strong arms can wield two-handed weapons with a shield.
You have very sharp teeth.
You have large cloven feet.


   Skills:
 - Level 3.2 Fighting
 + Level 11.8 Axes
 - Level 3.2 Armour
 - Level 4.0 Shields


You had 8 spell levels left.
You didn't know any spells.
Your spell library contained the following spells:

 Spells                   Type           Power      Damage    Failure   Level
 Sandblast                Erth           0%         2d4       75%         1
 Slow                     Hex            0%         N/A       75%         1
 Summon Small Mammal      Summ           0%         N/A       75%         1
 Passwall                 Tmut/Erth      0%         N/A       87%         2
 Poisonous Vapours        Pois/Air       0%         N/A       87%         2
 Call Canine Familiar     Summ           0%         N/A       98%         3
 Confusing Touch          Hex            0%         N/A       98%         3
 Inner Flame              Hex/Fire       0%         N/A       98%         3
 Lesser Beckoning         Tloc           0%         N/A       98%         3
 Stone Arrow              Conj/Erth      0%         3d7       98%         3
 Summon Guardian Golem    Hex/Summ       0%         N/A       98%         3
 Vampiric Draining        Necr           0%         2d6       98%         3
 Cause Fear               Hex            0%         N/A       100%        4
 Manifold Assault         Tloc           0%         N/A       100%        5
 Conjure Ball Lightning   Conj/Air       0%         3x3d6     100%        6
 Discord                  Hex            0%         N/A       100%        8
 Polar Vortex             Ice            0%         N/A       100%        9
 Blink                    Tloc           Unusable   N/A       N/A         2

Inventory:

Hand Weapons
 a - a +0 war axe of chaos (weapon) {axe}
 n - a +0 battleaxe {axe}
   (You took it off Blork the orc on level 5 of the Dungeon)
 C - a +0 hand axe {axe}
   (You took it off an orc on level 6 of the Dungeon)
Missiles
 e - 66 stones {throwing}
 u - 5 poisoned darts {throwing}
Armour
 c - a +0 buckler (worn)
 m - the +1 scale mail "Juepnar" (worn) {Str+4 Slay+3}
   (You found it on level 2 of the Dungeon)

   Str:       It affects your strength (+4).
   Slay:      It affects your accuracy & damage with ranged weapons and melee
   (+3).
 y - a +0 plate armour
   (You found it on level 5 of the Dungeon)
Jewellery
 p - a ring of positive energy (left hand)
   (You found it on level 6 of the Dungeon)
Wands
 j - a wand of flame (21)
   (You found it on level 4 of the Dungeon)
 s - a wand of mindburst (12)
   (You took it off Ijyb on level 5 of the Dungeon)
Scrolls
 f - 2 scrolls of vulnerability {!r!r}
 h - a scroll of immolation {!r!r}
 k - 2 scrolls of amnesia
 r - 2 scrolls of identify {@r1}
 t - a scroll of fear
 x - a scroll of acquirement
 B - a scroll of magic mapping {!r}
Potions
 b - a potion of cancellation {unknown}
 d - 3 potions of might
 g - a potion of haste {@q3}
 i - 2 potions of flight
 o - a potion of invisibility {unknown}
 q - a potion of mutation {!q}
 v - a potion of attraction {!q}
 w - a potion of degeneration {unknown}
 z - a potion of heal wounds {unknown}

Dungeon Overview and Level Annotations

Branches:
Dungeon (7/15) Zot: 26641  Temple (1/1) D:7 Zot: 5950

Altars:
Ashenzari
Cheibriados
Dithmenos
Elyvilon
Fedhas
Gozag
Hepliaklqana
Kikubaaqudgha
Makhleb
Nemelex Xobeh
Okawaru
Qazlal
Sif Muna
Trog
Uskayaw
Vehumet
Wu Jian
Xom
Yredelemnul
Zin
The Shining One

#### ##..)# .?....
.D #......# ...
+.#...§§ ....
.#..#..§§## #....
#...# #§@##.....
#....# ##§D......
.....##.§.#.....
#....†## ....
#....#..>.## ....
#... ##....##....
#... #...##.....
#... #..##...
#...###.#..#.....#


You could see a steam dragon (catching breath, drained).


Message History

😕 HP[-14]
You take 14 damage, and now have 49/64 hp.
MASSIVE DAMAGE!! (PAUSE)
You hit the howler monkey. You burn the howler monkey. You slash the bullfrog!
You drain the bullfrog. The bullfrog hits you. x2
The howler monkey hoots and howls with incredible vigour!
You hear a shout! x2; You hear an angry hiss.
You hear a shout!
You hear an angry growl. x2 😮 HP[-9]
You take 9 damage, and now have 40/64 hp.
Unknown command.
You slash the bullfrog!
The bullfrog seems to slow down.
You freeze the bullfrog.
You kill the bullfrog!
You barely miss the howler monkey.
You hear a shout!
The howler monkey completely misses you.
Unknown command.
The howler monkey hits you but does no damage.
Unknown command.
You closely miss the howler monkey.
The howler monkey hits you but does no damage.
A centaur comes into view.
The howler monkey hits you.
A necrophage comes into view. 😮 HP[-3]
You take 3 damage, and now have 37/64 hp.
You hit the howler monkey.
The howler monkey is poisoned.
You kick the howler monkey.
You kill the howler monkey!
The centaur wields a +0 shortbow.
The centaur shoots an arrow.
The arrow hits you!
* * * LOW HITPOINT WARNING * * *
😨 HP[-7]
You take 7 damage, and now have 30/64 hp.
Unknown command.
The centaur shoots an arrow.
The arrow hits you.
* * * LOW HITPOINT WARNING * * *
The centaur shoots an arrow.
The arrow hits you!
* * * LOW HITPOINT WARNING * * *
You see here a howler monkey corpse. 😱 HP[-16]
You take 16 damage, and now have 14/64 hp.
MASSIVE DAMAGE!! (PAUSE)
The centaur unwields a +0 shortbow.
The centaur hits you.
* * * LOW HITPOINT WARNING * * *
The centaur kicks you but does no damage. 😱 HP[-4]
You take 4 damage, and now have 10/64 hp.
You slice the centaur!! You burn the centaur.
You kill the centaur!
A steam dragon comes into view.
The necrophage hits you.
* * * LOW HITPOINT WARNING * * *
You partially resist.
You feel drained.
Things that are here:
a +0 shortbow {bow}; a centaur corpse; 😱 HP[-2]
You now have 63 max hp (-1).
You take 2 damage, and now have 8/63 hp.
You slash the necrophage!
The necrophage convulses!
You destroy the necrophage!
Your life force feels restored. 😱 HP[+1]
You now have 64 max hp (+1).
Okay, then.
It was a potion of attraction.
You feel attractive to monsters.
It was a potion of haste.
Your stasis prevents you from being hasted.
The steam dragon is attracted toward you.
You feel very buoyant.
You fly up into the air.
The steam dragon hisses angrily.
The steam dragon bites you.
* * * LOW HITPOINT WARNING * * *
You block the steam dragon's attack. 😱 HP[-6]
You take 6 damage, and now have 3/64 hp.
Unknown command.
It was a potion of curing.
You feel better. The steam dragon breathes steam at you.
The ball of steam misses you.
You hear a shout! 😱 HP[+10]
You regained 10 hp, and now have 13/64 hp.
Unknown command.
You feel better.
You are engulfed in a cloud of scalding steam.
* * * LOW HITPOINT WARNING * * *
The steam dragon barely misses you.
You block the steam dragon's attack. 😱 HP[+3]
You regained 3 hp, and now have 16/64 hp.
Unknown command.
You slash the steam dragon! You drain the steam dragon.
You are engulfed in a cloud of scalding steam.
* * * LOW HITPOINT WARNING * * *
The steam dragon breathes steam at you. The ball of steam hits you!
You die...

Skill      XL: |  1  2  3  4  5  6  7  8  9 |
---------------+----------------------------+-----
Axes           | 3 4 5 6 8 10 11 | 11.8
Fighting       | |  3.2
Armour         | |  3.2
Shields        | |  4.0

Action                   |  1- 3 |  4- 6 |  7- 9 || total
-------------------------+-------+-------+-------++-------
Melee: War axe           |   106 |    64 |   120 ||   290
       Kick              |       |       |    14 ||    14
       Bite              |       |       |     8 ||     8
  Use: Scroll            |     2 |     6 |     4 ||    12
       Potion            |       |       |     6 ||     6
Armor: Scale mail        |    46 |    25 |    28 ||    99
Dodge: Dodged            |    58 |    31 |    56 ||   145
Block: Buckler           |    39 |    11 |    24 ||    74

Levels and vault maps discovered:
D:1:      heliophobic_arrival_glass_houses, layout_basic, minmay_door_square
D:2:      layout_basic, shapermc_ecumenical_altar_totnotflames
D:3:      layout_rooms, xom_teletrap_fun, uniq_jessica, uniq_natasha
D:4:      layout_rooms
D:5:      layout_loops_ring, uniq_ijyb, uniq_blork_the_orc, uniq_prince_ribbit1,
          uniq_duvessa
D:6:      layout_basic, mainiacjoe_overflow_cross_hatched,
          minmay_tree_intersection
D:7:      layout_gridville, mainiacjoe_overflow_small_starburst,
          minmay_temple_entry_wispy, gammafunk_ghost_berserking_beasts,
          hangedman_decor_diamond_cutter, uniq_crazy_yiuf_cottage
Temple:   hellmonk_temple_divided_pantheon

Notes
Turn   | Place    | Note
-------+----------+-------------------------------------------
     0 | D:1      | ytrimaz the Formicid Fighter began the quest for the Orb.
     0 | D:1      | Reached XP level 1. HP: 18/18 MP: 1/1
     0 | D:1      | magus.rc [v1.9.6]
   122 | D:1      | Reached XP level 2. HP: 22/24 MP: 2/2
   193 | D:1      | You pick up a book of Spatial Translocations and begin
                  | reading...
   193 | D:1      | You add the spells Lesser Beckoning and Manifold Assault to
                  | your library.
   451 | D:1      | Reached skill level 3 in Axes
   539 | D:1      | You pick up a book of Hexes and begin reading...
   539 | D:1      | You add the spells Inner Flame, Cause Fear and Discord to
                  | your library.
   713 | D:1      | Reached XP level 3. HP: 27/29 MP: 3/3
  1051 | D:2      | You add the spells Poisonous Vapours, Conjure Ball
                  | Lightning and Polar Vortex to your library.
  1051 | D:2      | Got the Spellbook of the Lungs and Ice
  1072 | D:2      | Identified the +0 robe of Qeerphoaz {rPois rF- Dex+6}
  1590 | D:2      | Reached skill level 4 in Axes
  1590 | D:2      | Reached XP level 4. HP: 35/35 MP: 4/4
  1706 | D:2      | Found a faded altar of an unknown god.
  2042 | D:2      | Identified the +1 scale mail "Juepnar" {Str+4 Slay+3}
  2357 | D:3      | Found a shimmering altar of Xom.
  2408 | D:3      | Noticed Jessica
  2409 | D:3      | Noticed Natasha
  2422 | D:3      | Killed Natasha
  2422 | D:3      | Killed Jessica
  2423 | D:3      | Reached skill level 5 in Axes
  2423 | D:3      | Reached XP level 5. HP: 13/41 MP: 5/5
  2848 | D:3      | Noticed Natasha
  2858 | D:3      | Killed Natasha
  2859 | D:3      | Reached XP level 6. HP: 31/47 MP: 6/6
  2933 | D:3      | Noticed Natasha
  2939 | D:3      | Killed Natasha
  2940 | D:3      | Reached skill level 6 in Axes
  3604 | D:4      | Reached XP level 7. HP: 47/52 MP: 7/7
  3606 | D:4      | Reached skill level 7 in Axes
  3659 | D:4      | You pick up a book of Callings and begin reading...
  3659 | D:4      | You add the spells Summon Small Mammal, Call Canine
                  | Familiar and Summon Guardian Golem to your library.
  3880 | D:5      | Entered Level 5 of the Dungeon
  3887 | D:5      | Noticed Blork the orc
  3895 | D:5      | Killed Blork the orc
  4007 | D:5      | Noticed Dowan
  4009 | D:5      | Noticed Duvessa
  4013 | D:5      | Killed Duvessa
  4014 | D:5      | Reached skill level 8 in Axes
  4016 | D:5      | Killed Dowan
  4017 | D:5      | Reached XP level 8. HP: 42/58 MP: 8/8
  4215 | D:5      | Noticed Prince Ribbit
  4227 | D:5      | HP: 10/58 [Prince Ribbit (10)]
  4228 | D:5      | Killed Prince Ribbit
  4229 | D:5      | Reached skill level 9 in Axes
  4602 | D:5      | You pick up a book of Debilitation and begin reading...
  4602 | D:5      | You add the spells Slow, Vampiric Draining and Confusing
                  | Touch to your library.
  4616 | D:5      | You pick up a book of Geomancy and begin reading...
  4616 | D:5      | You add the spells Sandblast, Passwall and Stone Arrow to
                  | your library.
  4655 | D:5      | Noticed Ijyb
  4669 | D:5      | Killed Ijyb
  5246 | D:5      | Gained mutation: You have large cloven feet. [potion of
                  | mutation]
  5246 | D:5      | Gained mutation: You have very sharp teeth. [potion of
                  | mutation]
  5332 | D:6      | Found a stormy altar of Qazlal.
  5781 | D:6      | Reached skill level 10 in Axes
  6362 | D:7      | Noticed a wyvern
  6366 | D:7      | Killed a wyvern
  6367 | D:7      | Reached XP level 9. HP: 46/64 MP: 9/9
  6371 | D:7      | Reached skill level 11 in Axes
  6685 | D:7      | Found a staircase to the Ecumenical Temple.
  6695 | D:7      | Identified a scroll of acquirement
  6699 | Temple   | Entered the Ecumenical Temple
  6699 | Temple   | Found a transporter.
  6699 | Temple   | Found a transporter.
  6701 | Temple   | Found a transporter.
  6701 | Temple   | Found a transporter.
  6758 | D:7      | HP: 14/64 [centaur/arrow (11)]
  6766 | D:7      | HP: 3/64 [steam dragon (6)]
  6769 | D:7      | Killed from afar by a steam dragon

Vanquished Creatures
  Prince Ribbit (D:5)
  A wyvern (D:7)
  Duvessa (D:5)
  An ice beast (D:6)
  A sky beast (D:7)
  An ogre (D:4)
  2 centaurs
  3 bullfrogs
  Blork the orc (D:5)
  A phantom (D:4)
  A necrophage (D:7)
  3 howler monkeys (D:7)
  A hound (D:4)
  A jelly (D:6)
  An orc priest (D:5)
  Ijyb (D:5)
  Jessica (D:3)
  Natasha (thrice) (D:3)
  2 iguanas
  4 orc wizards
  3 gnolls (D:3)
  3 adders
  2 white imps
  A worm (D:2)
  2 dart slugs
  18 orcs
  5 bats
  5 endoplasms
  5 giant cockroaches
  5 goblins
  5 hobgoblins
  6 quokkas
  3 ball pythons
  4 frilled lizards
  5 kobolds
  5 rats
108 creatures vanquished.

Vanquished Creatures (others)
  Dowan (D:5)
1 creature vanquished.

Grand Total: 109 creatures vanquished

Table legend:
 A = Non-vault XP
 B = Vault XP
 C = Vault XP percentage of total XP
 D = Non-vault monster count
 E = Vault monster count
 F = Vault count percentage of total count
                 A         B        C        D         E       F
            +---------+---------+-------+---------+---------+-------
      Total |    2096 |     690 |  24.8 |     103 |       7 |   6.4
            +---------+---------+-------+---------+---------+-------
        D:1 |      32 |       0 |   0.0 |      18 |       0 |   0.0
        D:2 |      51 |       0 |   0.0 |      20 |       0 |   0.0
        D:3 |     176 |      73 |  29.3 |      17 |       2 |  10.5
        D:4 |     382 |       0 |   0.0 |      15 |       0 |   0.0
        D:5 |      90 |     617 |  87.3 |      11 |       5 |  31.2
        D:6 |     557 |       0 |   0.0 |      13 |       0 |   0.0
        D:7 |     808 |       0 |   0.0 |       9 |       0 |   0.0
            +---------+---------+-------+---------+---------+-------

Illustrated notes

Table legend:
 A = Kills in this place as a percentage of kills in entire the game.
 B = Kills by you in this place as a percentage of kills by you in the entire game.
 C = Kills by friends in this place as a percentage of kills by friends in the entire game.
 D = Other kills in this place as a percentage of other kills in the entire game.
 E = Experience gained in this place as a percentage of experience gained in the entire game.
 F = Experience gained in this place divided by the number of levels of this place that you have seen.
                   A       B       C       D       E      F
               +-------+-------+-------+-------+-------+----------------------
         Total | 100.0 | 100.0 |   N/A | 100.0 | 100.0 | 348.2
       Dungeon | 100.0 | 100.0 |   N/A | 100.0 | 100.0 | 398.0
               +-------+-------+-------+-------+-------+----------------------

Table legend: (Time is in decaauts)
 A = Elapsed time spent in this place.
 B = Non-inter-level travel time spent in this place.
 C = Inter-level travel time spent in this place.
 D = Time resting spent in this place.
 E = Time spent auto-exploring this place.
 F = Levels seen in this place.
 G = Mean time per level.
                   A        B        C        D        E       F      G
               +--------+--------+--------+--------+--------+-----+--------+
         Total |   6833 |   6576 |    257 |    332 |   5295 |   8 |  854.1 |
       Dungeon |   6783 |   6526 |    257 |    332 |   5289 |   7 |  969.0 |
        Temple |     49 |     49 |      0 |      0 |      6 |   1 |   49.0 |
               +--------+--------+--------+--------+--------+-----+--------+

Top non-repeatable levels by time:
     D:5: 1444 daAuts
     D:2: 1367 daAuts
     D:3: 1055 daAuts
     D:6: 1043 daAuts
     D:1: 1024 daAuts
     D:4: 490 daAuts
     D:7: 357 daAuts
  Temple: 49 daAuts
